 Dungeon Crawl Stone Soup version 0.22-a0-159-g7ce444f (webtiles) character file.

72 Azzok the Digger (level 4, -1/24 HPs)
             Began as a Gargoyle Earth Elementalist on Feb 9, 2018.
             Slain by Daviar's ghost (6 damage)
             ... on level 3 of the Dungeon.
             The game lasted 00:05:03 (2595 turns).

Azzok the Digger (Gargoyle Earth Elementalist)      Turns: 2595, Time: 00:05:03

Health: -1/24      AC:  6    Str: 11    XL:     4   Next: 25%
Magic:  0/8        EV: 12    Int: 17    God:
Gold:   46         SH:  0    Dex: 10    Spells: 5/9 levels left

rFire    . . .     SeeInvis .   f - +0 dagger
rCold    . . .     Gourm    .   (no shield)
rNeg     + . .     Faith    .   c - +0 robe
rPois    ∞         Spirit   .   (no helmet)
rElec    +         Reflect  .   h - +0 cloak
rCorr    .         Harm     .   (no gloves)
MR       .....                  (no boots)
Stlth    ++........             (no amulet)
HPRegen  0.08/turn              (no ring)
MPRegen  0.11/turn              (no ring)

@: no status effects
A: negative energy resistance 1, electricity resistance, unbreathing,
petrification resistance, rot immunity, AC +3
a: no special abilities


You were on level 3 of the Dungeon.
You were not hungry.

You visited 1 branch of the dungeon, and saw 3 of its levels.

You collected 46 gold pieces.

Inventory:

Hand Weapons
 f - a +0 dagger (weapon)
Missiles
 b - 32 stones (quivered)
Armour
 c - a +0 robe (worn)
 h - a +0 cloak (worn)
Wands
 m - a wand of iceblast (11)
Scrolls
 g - a scroll of fear {unknown}
 j - 2 scrolls of remove curse {unknown}
 k - 2 scrolls of enchant armour {unknown}
Potions
 a - a potion of curing {unknown}
 i - a potion of haste {unknown}
 n - a potion of brilliance {unknown}
Books
 e - a book of Geomancy

   Spells                             Type                      Level
   a - Sandblast                      Earth                        1
   b - Passwall                       Transmutation/Earth          2
   c - Stone Arrow                    Conjuration/Earth            3
   d - Petrify                        Transmutation/Earth          4
   e - Lee's Rapid Deconstruction     Earth                        5
Comestibles
 d - 5 rations
 l - 5 chunks of flesh


   Skills:
 - Level 1.5 Dodging
 - Level 2.1 Stealth
 + Level 3.1 Spellcasting
   Level 0.7 Transmutations
 + Level 5.0 Earth Magic


You had 5 spell levels left.
You knew the following spells:

 Your Spells              Type           Power        Failure   Level  Hunger
a - Sandblast             Erth           ###...       2%          1    None
b - Stone Arrow           Conj/Erth      ##....       19%         3    ###....


Dungeon Overview and Level Annotations

Branches:
Dungeon (3/15)

Altars:
Hepliaklqana
Nemelex Xobeh
Trog
Wu Jian

Annotations:
D:3 Daviar's ghost, amateur OpTm


Innate Abilities, Weirdness & Mutations

You are resistant to torment.
Your stone body is resilient. (AC +3)
You are immune to poison.
You resist negative energy. (rN+)
You are resistant to electric shocks. (rElec)
You can survive without breathing.
You are immune to petrification.
You are immune to rotting.


Message History

Press: ? - help, Shift-Dir - straight line, f/p - Daviar's ghost
Aim: Daviar's ghost, wielding a weapon of protection (severely damaged)
The blast of sand hits Daviar's ghost.
Daviar's ghost is severely damaged.
b - 33 stones
* * * LOW MAGIC WARNING * * *
Daviar's ghost hits you!
* * * LOW HITPOINT WARNING * * *
Some of the chunks of flesh in your inventory have rotted away.
Casting: Sandblast (safe; 2% risk of failure)
Confirm with . or Enter, or press ? or * to list all spells.
Aiming: Sandblast (safe; 2% risk of failure)
Press: ? - help, Shift-Dir - straight line, f/p - Daviar's ghost
Aim: Daviar's ghost, wielding a weapon of protection (severely damaged)
The blast of sand hits Daviar's ghost.
Daviar's ghost is almost destroyed.
b - 32 stones
* * * LOW MAGIC WARNING * * *
Daviar's ghost hits you.
You die...

▒▒▒▒··(▒·▒▒▒▒▒
·······>····!▒ ▒
·····>·····▒ ·▒·
········?·▒▒ ····
▒▒▒····▒···▒···▒
▒····▒·[▒)··▒▒·
▒····▒·········
▒····▒W▒▒▒▒·▒▒▒ ▒▒▒
▒▒▒▒····@·▒ ▒··
··▒······▒ ▒·▒
▒·▒▒·····▒
▒·▒▒▒▒▒·▒▒··▒▒·····_
▒▒▒▒·▒▒········▒▒·▒····
▒·····÷·▒·········▒·····
▒·▒▒·▒▒·▒··▒······▒ ····
▒·▒▒·······▒··▒▒▒·▒ ▒▒·▒
▒·▒▒<▒▒)▒▒▒▒···· ··· ··


You could see Daviar's ghost.

Vanquished Creatures
  An adder (D:2)
  A worm (D:3)
  2 dart slugs (D:1)
  A leopard gecko (D:1)
  A ball python (D:1)
  5 giant cockroaches
  8 goblins
  6 hobgoblins
  3 jackals (D:3)
  A quokka (D:2)
  9 bats
  3 frilled lizards
  2 kobolds
  8 rats
51 creatures vanquished.

Notes
Turn   | Place    | Note
-------+----------+-------------------------------------------
     0 | D:1      | Azzok the Gargoyle Earth Elementalist began the quest for the Orb.
     0 | D:1      | Reached XP level 1. HP: 10/10 MP: 3/3
   118 | D:1      | Reached skill level 4 in Earth Magic
   118 | D:1      | Reached XP level 2. HP: 15/15 MP: 5/5
   607 | D:1      | Reached XP level 3. HP: 12/19 MP: 6/6
   790 | D:1      | Found a sparkling altar of Nemelex Xobeh.
  1433 | D:2      | Learned a level 3 spell: Stone Arrow
  1475 | D:2      | Found a bloodstained altar of Trog.
  1834 | D:2      | Reached XP level 4. HP: 14/24 MP: 4/8
  2086 | D:2      | Found an ornate altar of the Wu Jian Council.
  2412 | D:3      | Reached skill level 5 in Earth Magic
  2573 | D:3      | Found a hazy altar of Hepliaklqana.
  2579 | D:3      | Noticed Daviar's ghost (amateur OpTm)
  2595 | D:3      | Slain by Daviar's ghost

Vault maps used:
D:1:      dpeg_arrival_subterranean_lakeside_camping, nemelex_altar_shiori
D:2:      bloody_trog, lemuel_round_altar
D:3:      grunt_dithmenos_smoke_and_mirrors, lemuel_crystal_altar,
          old_standard_altar

Skill      XL: |  1  2  3  4 |
---------------+-------------+-----
Earth Magic    | 4 5 |  5.0
Spellcasting   | 3 |  3.1
Dodging        | |  1.5
Stealth        | |  2.1
Transmutations | |  0.7

Action                   |  1- 3 |  4- 6 || total
-------------------------+-------+-------++-------
Melee: Dagger            |   193 |    52 ||   245
 Cast: Sandblast         |    11 |     9 ||    20
       Stone Arrow       |       |     6 ||     6
 Stab: Sleeping          |     6 |       ||     6
  Eat: Chunk             |     3 |     3 ||     6
Armor: Robe              |    72 |    22 ||    94
Dodge: Dodged            |   128 |    56 ||   184

Table legend:
 A = Spawn XP
 B = Non-spawn XP
 C = Spawn XP percentage of total XP
 D = Spawn monster count
 E = Non-spawn monster count
 F = Spawn count percentage of total count
 G = Total turns spent on level
                    A         B        C        D         E        F      G
               +---------+---------+-------+---------+---------+-------+---------
         Total |       0 |     103 |   0.0 |       0 |      51 |   0.0 |  2595
               +---------+---------+-------+---------+---------+-------+---------
           D:1 |       0 |      52 |   0.0 |       0 |      30 |   0.0 |  1256
           D:2 |       0 |      36 |   0.0 |       0 |      15 |   0.0 |  1079
           D:3 |       0 |      15 |   0.0 |       0 |       6 |   0.0 |   260
               +---------+---------+-------+---------+---------+-------+---------
